 Dungeon Crawl Stone Soup version 0.24.0-13-gcf9b319 (webtiles) character file.

Game seed: 14828136632696608920, levelgen mode: deterministic

129 DarkinPup the Skirmisher (level 4, -3/37 HPs)
             Began as a Demonspawn Fighter on Nov 29, 2019.
             Slain by a centaur (7 damage)
             ... on level 3 of the Dungeon.
             The game lasted 00:01:52 (1444 turns).

DarkinPup the Skirmisher (Demonspawn Fighter)       Turns: 1444, Time: 00:01:53

Health: -3/37      AC:  6    Str: 17    XL:     4   Next: 88%
Magic:  4/4        EV:  7    Int:  9    God:
Gold:   201        SH:  9    Dex: 13    Spells: 3/3 levels left

rFire    . . .     SeeInvis .   a - +0 war axe
rCold    . . .     Gourm    .   c - +0 shield
rNeg     . . .     Faith    .   b - +0 scale mail
rPois    .         Spirit   .   (no helmet)
rElec    .         Reflect  .   (no cloak)
rCorr    .         Harm     .   (no gloves)
MR       +....                  (no boots)
Stlth    ..........             (no amulet)
HPRegen  0.12/turn              m - ring of protection from magic
MPRegen  0.09/turn              (no ring)

@: no status effects
A: spiny 1
a: no special abilities


You were on level 3 of the Dungeon.
You were hungry.

You visited 1 branch of the dungeon, and saw 3 of its levels.

You collected 201 gold pieces.

Inventory:

Hand Weapons
 a - a +0 war axe (weapon)
Armour
 b - a +0 scale mail (worn)
 c - a +0 shield (worn)
Jewellery
 m - a ring of protection from magic (left hand)
Scrolls
 k - 2 scrolls of teleportation {unknown}
 l - a scroll of random uselessness {unknown}
 n - a scroll of immolation {unknown}
 o - a scroll of enchant weapon {unknown}
 p - a scroll of fog {unknown}
 q - a scroll of magic mapping {unknown}
 s - 2 scrolls of identify {unknown}
 t - 2 scrolls of remove curse {unknown}
 w - a scroll of fear {unknown}
Potions
 d - 2 potions of might
 e - a potion of invisibility {unknown}
 g - a potion of heal wounds {unknown}
 h - 3 potions of curing {unknown}
 i - 2 potions of ambrosia {unknown}
 j - a potion of haste {unknown}
 r - a potion of mutation {unknown}
 u - a potion of lignification {unknown}
 v - a potion of agility {unknown}
 x - a potion of degeneration {unknown}
 z - a potion of flight {unknown}
Comestibles
 f - 6 rations


   Skills:
 * Level 3.7 Fighting
 * Level 3.0 Axes
 * Level 3.3 Armour
 - Level 1.2 Dodging
 + Level 3.0 Shields


You had 3 spell levels left.
You didn't know any spells.
Your spell library was empty.

Dungeon Overview and Level Annotations

Branches:
Dungeon (3/15)

Altars:


Innate Abilities, Weirdness & Mutations

You are partially covered in sharp spines.


Message History

The centaur hits you but does no damage.
A centaur is nearby!
You are too injured to fight recklessly!
You are too injured to fight recklessly!
You are too injured to fight recklessly!
You barely miss the centaur.
The centaur is moderately wounded.
You block the centaur's attack. The centaur is struck by your spines.
The centaur hits you!
* * * LOW HITPOINT WARNING * * *
Your shield prevents you from hitting the centaur.
The centaur is heavily wounded.
You block the centaur's attack. The centaur is struck by your spines.
The centaur hits you.
* * * LOW HITPOINT WARNING * * *
The centaur barely misses you.
You hit the centaur.
The centaur is severely wounded.
The centaur hits you!
You die...

#.......# #.#
#.......#
#########.......#
#...............#
#..........######
#..........#
#..........#
#..........#
#...####@'##
#...#≈≈≈c†≈≈≈#
#...#≈##..##≈#
#...# #..# #
#...# .?.. #...#
..... ###.# #..##
#.# #..#


You could see a centaur.

Vanquished Creatures
  Natasha (D:3)
  4 adders
  An ooze (D:1)
  A worm (D:2)
  2 leopard geckos (D:3)
  6 bats
  5 giant cockroaches
  11 goblins
  9 hobgoblins
  4 jackals (D:2)
  A ball python (D:2)
  4 frilled lizards
  2 kobolds (D:3)
  8 rats
59 creatures vanquished.

Notes
Turn   | Place    | Note
-------+----------+-------------------------------------------
     0 | D:1      | DarkinPup the Demonspawn Fighter began the quest for the
                  | Orb.
     0 | D:1      | Reached XP level 1. HP: 18/18 MP: 1/1
    56 | D:1      | Gained mutation: You are partially covered in sharp spines.
                  | [demonic ancestry]
    56 | D:1      | Reached XP level 2. HP: 20/24 MP: 2/2
   572 | D:2      | Reached skill level 1 in Dodging
   572 | D:2      | Reached XP level 3. HP: 29/29 MP: 3/3
   728 | D:2      | Reached XP level 4. HP: 31/35 MP: 4/4
  1094 | D:3      | Noticed Natasha
  1100 | D:3      | Killed Natasha
  1433 | D:3      | Noticed a centaur
  1444 | D:3      | Slain by a centaur

Levels and vault maps discovered:
D:1:      shiori_arrival_whats_in_store_for_you, layout_rooms
D:2:      layout_rooms, first_ration, grunt_decor_clamped, minmay_cupped
D:3:      layout_basic, kennysheep_generic_room_5, uniq_natasha, uniq_jessica

Skill      XL: |  1  2  3  4 |
---------------+-------------+-----
Axes           | 2 3 |  3.0
Dodging        | 1 |  1.2
Armour         | 3 |  3.3
Shields        | 3 |  3.0
Fighting       | |  3.7

Action                   |  1- 3 |  4- 6 || total
-------------------------+-------+-------++-------
Melee: War axe           |    84 |    49 ||   133
  Eat: Chunk             |       |     1 ||     1
Armor: Scale mail        |    39 |    17 ||    56
Dodge: Dodged            |    24 |    12 ||    36
Block: Shield            |    43 |    29 ||    72
